Red Wings vs Blackhawks
(R1)
Created - 31 octobre 2012 at 22:07
Simulating a Pre-Season
Goals
|
| Red Wings |
0 |
0 |
3 |
0 |
0 |
3 |
| Blackhawks |
1 |
2 |
0 |
0 |
1 |
4 |
|
Shots
|
| Red Wings |
9 |
12 |
13 |
1 |
3 |
35 |
| Blackhawks |
8 |
8 |
12 |
1 |
2 |
29 |
|
1st period
1. Blackhawks , Joe Sakic 2 (Martin Havlat) at 6:56
Penalties :
Scott Gomez (Chi) for Holding (Minor) at 7:11, Peter Schaefer (Det) for Hooking (Minor) at 10:11, Martin Havlat (Chi) for Holding (Minor) at 15:31, Scott Gomez (Chi) for Roughing (Minor) at 19:04, Johnny Oduya (Det) for High sticking (Minor) at 19:04
2nd period
2. Blackhawks , Scott Gomez 1 (Martin Havlat, Nikita Alexeev) at 2:18
3. Blackhawks , Bill Guerin 1 (Steve Sullivan, Brooks Laich) at 3:31
Penalties :
Jeff Taffe (Chi) for High sticking (Minor) at 5:12, Lubos Bartecko (Det) for Hooking (Minor) at 16:46
3rd period
4. Red Wings , Paul Martin 1 (Kim Johnsson, Martin Straka) at 9:59 (PP)
5. Red Wings , Jarome Iginla 2 (Jason Spezza, Marcel Hossa) at 14:06
6. Red Wings , Antti Miettinen 1 (Martin Straka, Johnny Oduya) at 14:28 (PP)
Penalties :
Bill Guerin (Chi) for Roughing (Minor) at 2:06, Jason Smith (Chi) for Hooking (Minor) at 5:12, Antti Miettinen (Det) for Delaying the game (Minor) at 5:12, Joe Sakic (Chi) for Roughing (Minor) at 9:24, Brent Sopel (Chi) for Holding (Minor) at 10:11, Jason Smith (Chi) for Tripping (Minor) at 14:14, Nikita Alexeev (Chi) for Interference (Minor) at 19:29
Overtime #1
No Goal
Penalties :
No Penalty
Shootout
Penalty Shot by Jarome Iginla for Red Wings - Shot Misses the Net
Penalty Shot by Joe Sakic for Blackhawks - Goal!
Penalty Shot by Antti Miettinen for Red Wings - Stopped by Tyler Weiman
Penalty Shot by Bill Guerin for Blackhawks - Stopped by Jonathan Quick
Penalty Shot by Jason Spezza for Red Wings - Shot Misses the Net
Penalties :
No Penalty
Goalie Stats
Jonathan Quick (Det), 26 saves from 29 shots - (0,897), OTL, 0-1-1, 65:00 minutes
Tyler Weiman (Chi), 32 saves from 35 shots - (0,914), W, 2-1-0, 65:00 minutes
Players Stats for Red Wings
Player Name G A P +/- PIM S H SB GA TA FO MP PP MP PK MP
------------------------------------------------------------------------------------
Antti Miettinen 1 0 1 -2 2 2 3 1 0 0 0/0 18:48 5:39 0:00
Branislav Mezei 0 0 0 0 0 3 0 1 0 0 0/0 20:59 0:00 2:17
Brian Pothier 0 0 0 -1 0 3 0 0 0 0 0/0 17:06 5:47 0:00
Brian Sutherby 0 0 0 0 0 1 1 0 0 1 4/7 12:23 0:08 0:49
Christian Backman 0 0 0 0 0 1 1 3 0 0 0/0 14:00 0:00 2:17
Jan Bulis 0 0 0 -1 0 0 1 0 0 0 0/3 8:28 0:00 1:13
Jarome Iginla 1 0 1 1 0 5 3 0 1 0 1/1 25:04 5:33 2:07
Jason Spezza 0 1 1 1 0 1 2 1 0 0 18/40 25:04 5:33 2:07
Johnny Oduya 0 1 1 -2 2 2 2 0 0 0 0/0 26:05 5:47 1:41
Kim Johnsson 0 1 1 0 0 4 2 1 0 0 0/0 27:32 5:27 1:41
Lubos Bartecko 0 0 0 0 2 2 1 0 0 0 0/0 11:16 0:01 0:00
Marcel Hossa 0 1 1 1 0 2 2 0 1 1 2/2 19:13 5:31 0:27
Martin Straka 0 2 2 -2 0 2 1 0 1 0 8/12 19:00 5:36 0:00
Mathieu Dandenault 0 0 0 -1 0 0 3 0 0 0 0/0 7:50 0:00 1:13
Milan Michalek 0 0 0 -1 0 1 0 0 1 0 1/3 15:20 5:39 0:00
Paul Martin 1 0 1 -2 0 1 3 1 1 1 0/0 25:32 5:27 0:00
Peter Schaefer 0 0 0 -1 2 4 0 0 0 0 0/1 7:18 0:00 0:00
Sean Bergenheim 0 0 0 0 0 1 1 0 0 0 1/2 11:02 0:02 0:00
Players Stats for Blackhawks
Player Name G A P +/- PIM S H SB GA TA FO MP PP MP PK MP
------------------------------------------------------------------------------------
Bill Guerin 1 0 1 1 2 3 3 0 0 0 1/1 13:18 1:52 0:00
Brent Sopel 0 0 0 1 2 0 1 1 0 1 0/0 24:45 1:52 4:25
Brooks Laich 0 1 1 1 0 3 3 0 0 0 2/5 12:24 0:00 0:57
Chris Gratton 0 0 0 0 0 0 0 0 0 0 7/14 12:18 0:00 6:56
Dan Hinote 0 0 0 0 0 0 1 0 0 1 0/1 10:59 0:00 6:01
Greg De Vries 0 0 0 1 0 0 0 0 0 1 0/0 15:08 1:52 5:15
Hnat Domenichelli 0 0 0 0 0 0 2 1 1 0 0/0 11:35 0:00 1:41
Jason Smith 0 0 0 0 4 2 1 2 0 1 0/0 27:19 0:00 7:14
Jeff Taffe 0 0 0 0 2 0 0 0 0 0 0/0 5:18 0:00 0:00
Joe Sakic 1 0 1 0 2 3 2 0 0 1 20/33 19:24 2:06 0:00
Kris Versteeg 0 0 0 0 0 6 1 0 0 0 0/1 22:40 2:06 2:49
Kristopher Letang 0 0 0 1 0 1 4 2 0 0 0/0 23:11 2:06 0:00
Marek Zidlicky 0 0 0 0 0 0 1 2 0 0 0/0 23:23 2:06 1:04
Martin Havlat 0 2 2 1 2 3 1 0 1 0 0/0 21:25 2:06 2:39
Matthew Spiller 0 0 0 1 0 1 1 0 0 0 0/0 16:21 0:00 7:28
Nikita Alexeev 0 1 1 1 2 3 1 1 0 0 1/1 12:28 0:00 0:00
Scott Gomez 1 0 1 1 4 3 1 0 1 0 5/15 17:54 1:52 2:54
Steve Sullivan 0 1 1 1 0 1 0 0 0 0 0/0 13:19 1:52 0:00
3 Stars
1 - Jarome Iginla (Det)
2 - Bill Guerin (Chi)
3 - Brooks Laich (Chi)
Power Play
Red Wings - 2 on 8 Attempt(s) - 25,00%
Blackhawks - 0 on 2 Attempt(s) - 0,00%
Penalty Kill
Red Wings - 2 on 2 Attempt(s) - 100,00%
- Score 0 goal in Penalty Kill
Blackhawks - 6 on 8 Attempt(s) - 75,00%
- Score 0 goal in Penalty Kill
Official
Referees : Watson Brad and Leggo Mike
Linesman : Steve Miller and David Brisebois
Game Notes
No Game Note
Red Wings
5 vs 5 Forward
Center Left Wing Right Wing Time % Phy DF OF
1 Jason Spezza Marcel Hossa Jarome Iginla 37 0 1 3
2 Martin Straka Milan Michalek Antti Miettinen 33 1 1 3
3 Brian Sutherby Sean Bergenheim Lubos Bartecko 23 1 2 2
4 Jan Bulis Peter Schaefer Mathieu Dandenault 7 1 3 1
5 vs 5 Defense
Defense Defense Time % Phy DF OF
1 Kim Johnsson Branislav Mezei 35 1 2 2
2 Johnny Oduya Paul Martin 35 1 1 3
3 Brian Pothier Christian Backman 25 1 2 2
4 Kim Johnsson Branislav Mezei 5 1 2 2
PowerPlay Forward
Center Left Wing Right Wing Time % Phy DF OF
1 Jason Spezza Marcel Hossa Jarome Iginla 50 1 1 3
2 Martin Straka Milan Michalek Antti Miettinen 50 1 1 3
PowerPlay Defense
Defense Defense Time % Phy DF OF
1 Kim Johnsson Paul Martin 50 1 1 3
2 Johnny Oduya Brian Pothier 50 1 1 3
Penalty Kill 4 Players Forward
Center Wing Time % Phy DF OF
1 Jason Spezza Jarome Iginla 60 1 3 1
2 Jan Bulis Mathieu Dandenault 40 1 3 1
Penalty Kill 4 Players Defense
Defense Defense Time % Phy DF OF
1 Branislav Mezei Christian Backman 60 1 3 1
2 Kim Johnsson Johnny Oduya 40 1 3 1
Penalty Kill - 3 Players Forward
Forward Time % Phy DF OF
1 Jason Spezza 60 1 4 0
2 Jarome Iginla 40 1 4 0
Penalty Kill - 3 Players Defense
Defense Defense Time % Phy DF OF
1 Branislav Mezei Christian Backman 60 1 4 0
2 Kim Johnsson Johnny Oduya 40 1 4 0
4 vs 4 Forward
Center Wing Time % Phy DF OF
1 Jason Spezza Jarome Iginla 60 1 1 3
2 Martin Straka Antti Miettinen 40 1 1 3
4 vs 4 Defense
Defense Defense Time % Phy DF OF
1 Kim Johnsson Paul Martin 50 1 2 2
2 Johnny Oduya Branislav Mezei 50 1 2 2
Last Minutes Offensive
Center Left Wing Right Wing Defense Defense
Jason Spezza Sean Bergenheim Jarome Iginla Kim Johnsson Paul Martin
Last Minutes Defensive
Center Left Wing Right Wing Defense Defense
Jason Spezza Peter Schaefer Jarome Iginla Branislav Mezei Christian Backman
Goaltenders
Starting : Jonathan Quick
Backup : Mike Smith
Extra Forwards
Normal : Jan Bulis, Peter Schaefer, Mathieu Dandenault - PP : Brian Sutherby, Sean Bergenheim - PK : Brian Sutherby
Extra Defensemen
Normal : Christian Backman, Brian Pothier, Branislav Mezei - PP : Branislav Mezei - PK : Paul Martin, Brian Pothier
Penalty Shots
Jarome Iginla, Antti Miettinen, Jason Spezza, Brian Sutherby, Peter Schaefer
Blackhawks
5 vs 5 Forward
Center Left Wing Right Wing Time % Phy DF OF
1 Joe Sakic Kris Versteeg Martin Havlat 40 1 2 2
2 Scott Gomez Steve Sullivan Bill Guerin 30 1 2 2
3 Brooks Laich Hnat Domenichelli Nikita Alexeev 20 0 2 3
4 Chris Gratton Jeff Taffe Dan Hinote 10 1 3 1
5 vs 5 Defense
Defense Defense Time % Phy DF OF
1 Jason Smith Marek Zidlicky 35 1 2 2
2 Brent Sopel Kristopher Letang 35 1 2 2
3 Greg De Vries Matthew Spiller 20 1 2 2
4 Jason Smith Kristopher Letang 10 1 2 2
PowerPlay Forward
Center Left Wing Right Wing Time % Phy DF OF
1 Joe Sakic Kris Versteeg Martin Havlat 60 1 1 3
2 Scott Gomez Steve Sullivan Bill Guerin 40 1 1 3
PowerPlay Defense
Defense Defense Time % Phy DF OF
1 Marek Zidlicky Kristopher Letang 60 1 1 3
2 Brent Sopel Greg De Vries 40 1 1 3
Penalty Kill 4 Players Forward
Center Wing Time % Phy DF OF
1 Chris Gratton Dan Hinote 60 1 3 1
2 Scott Gomez Martin Havlat 40 1 3 1
Penalty Kill 4 Players Defense
Defense Defense Time % Phy DF OF
1 Jason Smith Matthew Spiller 60 1 3 1
2 Greg De Vries Brent Sopel 40 1 3 1
Penalty Kill - 3 Players Forward
Forward Time % Phy DF OF
1 Chris Gratton 60 1 3 1
2 Scott Gomez 40 1 3 1
Penalty Kill - 3 Players Defense
Defense Defense Time % Phy DF OF
1 Jason Smith Matthew Spiller 60 1 2 2
2 Greg De Vries Brent Sopel 40 1 2 2
4 vs 4 Forward
Center Wing Time % Phy DF OF
1 Joe Sakic Kris Versteeg 60 1 2 2
2 Scott Gomez Martin Havlat 40 1 2 2
4 vs 4 Defense
Defense Defense Time % Phy DF OF
1 Jason Smith Marek Zidlicky 60 1 2 2
2 Brent Sopel Kristopher Letang 40 1 2 2
Last Minutes Offensive
Center Left Wing Right Wing Defense Defense
Joe Sakic Kris Versteeg Martin Havlat Marek Zidlicky Kristopher Letang
Last Minutes Defensive
Center Left Wing Right Wing Defense Defense
Joe Sakic Kris Versteeg Martin Havlat Jason Smith Matthew Spiller
Goaltenders
Starting : Tyler Weiman
Backup : Brian Boucher
Extra Forwards
Normal : Nikita Alexeev, Brooks Laich, Hnat Domenichelli - PP : Brooks Laich, Nikita Alexeev - PK : Kris Versteeg
Extra Defensemen
Normal : Matthew Spiller, Greg De Vries, Kristopher Letang - PP : Kristopher Letang - PK : Marek Zidlicky, Kristopher Letang
Penalty Shots
Joe Sakic, Bill Guerin, Scott Gomez, Steve Sullivan, Kris Versteeg
% Time on Ice - Red Wings
Lines # - Real PCT - Wanted PCT - Time Play
Normal Forward
1 - 33% - 37% - 13:25
2 - 27% - 33% - 10:56
3 - 26% - 23% - 10:33
4 - 15% - 7% - 5:56
Normal Defense
1 - 38% - 35% - 15:26
2 - 36% - 35% - 14:37
3 - 25% - 25% - 10:08
4 - 2% - 5% - 0:39
PP Forward
1 - 50% - 50% - 5:35
2 - 50% - 50% - 5:39
PP Defense
1 - 49% - 50% - 5:27
2 - 51% - 50% - 5:47
PK Forward
1 - 69% - 60% - 2:45
2 - 31% - 40% - 1:13
PK Defense
1 - 58% - 60% - 2:17
2 - 42% - 40% - 1:41
PK3 Forward
1 - 0% - 60%
2 - 0% - 40%
PK3 Defense
1 - 0% - 60%
2 - 0% - 40%
44 Forward
1 - 72% - 60% - 6:30
2 - 28% - 40% - 2:28
44 Defense
1 - 53% - 50% - 4:45
2 - 47% - 50% - 4:13
Last Minute Offensive - 0:00
Last Minute Defensive - 0:00
Total
Forward - 65:00
Defense - 65:00
|
% Time on Ice - Blackhawks
Lines # - Real PCT - Wanted PCT - Time Play
Normal Forward
1 - 33% - 40% - 13:37
2 - 31% - 30% - 12:44
3 - 23% - 20% - 9:33
4 - 12% - 10% - 4:56
Normal Defense
1 - 39% - 35% - 16:02
2 - 39% - 35% - 16:07
3 - 17% - 20% - 6:54
4 - 4% - 10% - 1:47
PP Forward
1 - 53% - 60% - 2:06
2 - 47% - 40% - 1:52
PP Defense
1 - 53% - 60% - 2:06
2 - 47% - 40% - 1:52
PK Forward
1 - 71% - 60% - 7:56
2 - 29% - 40% - 3:18
PK Defense
1 - 58% - 60% - 6:33
2 - 42% - 40% - 4:41
PK3 Forward
1 - 75% - 60% - 1:07
2 - 25% - 40% - 0:22
PK3 Defense
1 - 62% - 60% - 0:55
2 - 38% - 40% - 0:34
44 Forward
1 - 74% - 60% - 5:32
2 - 26% - 40% - 1:57
44 Defense
1 - 67% - 60% - 5:00
2 - 33% - 40% - 2:29
Last Minute Offensive - 0:00
Last Minute Defensive - 0:00
Total
Forward - 65:00
Defense - 65:00
|
Play by Play
1st period
0:01 of 1st period - Joe Sakic wins face-off versus Jason Spezza in neutral zone.
0:03 of 1st period - Off-side.
0:04 of 1st period - Jason Spezza wins face-off versus Joe Sakic in neutral zone.
1:15 of 1st period - Wrist shot by Lubos Bartecko.
1:15 of 1st period - Shot Misses the Net.
1:17 of 1st period - Snap shot by Sean Bergenheim.
1:17 of 1st period - Shot Misses the Net.
1:19 of 1st period - Slapshot by Lubos Bartecko.
1:19 of 1st period - Stopped by Tyler Weiman with a rebound.
1:21 of 1st period - Snap shot by Johnny Oduya.
1:21 of 1st period - Shot Misses the Net.
1:56 of 1st period - Brian Pothier is hit by Dan Hinote.
2:16 of 1st period - Brent Sopel is hit by Mathieu Dandenault and loses puck.
3:32 of 1st period - Wrist shot by Jan Bulis.
3:32 of 1st period - Shot Misses the Net.
3:34 of 1st period - Snap shot by Peter Schaefer.
3:34 of 1st period - Stopped by Tyler Weiman without a rebound.
3:35 of 1st period - Brooks Laich wins face-off versus Jason Spezza in Blackhawks zone.
3:40 of 1st period - Branislav Mezei is hit by Brooks Laich and loses puck.
4:29 of 1st period - Slapshot by Kris Versteeg.
4:29 of 1st period - Shot Misses the Net.
4:42 of 1st period - Off-side.
4:43 of 1st period - Chris Gratton wins face-off versus Jan Bulis in neutral zone.
4:46 of 1st period - Slapshot by Jeff Taffe.
4:46 of 1st period - Shot Misses the Net.
4:48 of 1st period - Slapshot by Greg De Vries.
4:48 of 1st period - Shot Misses the Net.
5:29 of 1st period - Icing by Antti Miettinen.
5:30 of 1st period - Scott Gomez wins face-off versus Martin Straka in Red Wings zone.
5:39 of 1st period - Scott Gomez is hit by Antti Miettinen and loses puck.
5:56 of 1st period - Wrist shot by Steve Sullivan.
5:56 of 1st period - Shot Misses the Net.
5:58 of 1st period - Snap shot by Joe Sakic.
5:58 of 1st period - Shot Misses the Net.
6:00 of 1st period - Snap shot by Martin Havlat.
6:00 of 1st period - Stopped by Jonathan Quick without a rebound.
6:01 of 1st period - Joe Sakic wins face-off versus Brian Sutherby in Red Wings zone.
6:06 of 1st period - Snap shot by Kris Versteeg.
6:06 of 1st period - Stopped by Jonathan Quick without a rebound.
6:07 of 1st period - Brian Sutherby wins face-off versus Joe Sakic in Red Wings zone.
6:34 of 1st period - Snap shot by Nikita Alexeev.
6:34 of 1st period - Shot Misses the Net.
6:36 of 1st period - Slapshot by Kristopher Letang.
6:36 of 1st period - Stopped by Jonathan Quick with a rebound.
6:38 of 1st period - Slapshot by Brent Sopel.
6:38 of 1st period - Shot Blocked by Christian Backman.
6:40 of 1st period - Backhand shot by Brent Sopel.
6:40 of 1st period - Deflect By Hnat Domenichelli.
6:40 of 1st period - Shot Misses the Net.
6:40 of 1st period - Puck is out of play.
6:41 of 1st period - Martin Straka wins face-off versus Joe Sakic in Red Wings zone.
6:54 of 1st period - Snap shot by Joe Sakic.
6:54 of 1st period - Shot Misses the Net.
6:56 of 1st period - Wrist shot by Joe Sakic.
6:56 of 1st period - Deflect By Milan Michalek.
6:56 of 1st period - Goal by Joe Sakic - Red Wings : 0 - Blackhawks : 1.
6:57 of 1st period - Jason Spezza wins face-off versus Scott Gomez in neutral zone.
6:57 of 1st period - Jarome Iginla is hit by Kristopher Letang and loses puck.
7:04 of 1st period - Kim Johnsson is hit by Scott Gomez.
7:11 of 1st period - Minor Penalty to Scott Gomez for Holding.
7:12 of 1st period - Chris Gratton wins face-off versus Jason Spezza in Blackhawks zone.
7:38 of 1st period - Matthew Spiller is hit by Antti Miettinen and loses puck.
8:25 of 1st period - Antti Miettinen is hit by Martin Havlat and loses puck.
9:05 of 1st period - Kris Versteeg is hit by Paul Martin and loses puck.
9:11 of 1st period - Penalty to Scott Gomez is over, Scott Gomez is back on ice.
9:21 of 1st period - Slapshot by Bill Guerin.
9:21 of 1st period - Deflect By Sean Bergenheim.
9:21 of 1st period - Stopped by Jonathan Quick with a rebound.
9:41 of 1st period - Christian Backman is hit by Kristopher Letang and loses puck.
9:58 of 1st period - Kris Versteeg is hit by Brian Sutherby.
10:11 of 1st period - Minor Penalty to Peter Schaefer for Hooking.
10:12 of 1st period - Jason Spezza wins face-off versus Joe Sakic in Red Wings zone.
11:14 of 1st period - Icing by Scott Gomez.
11:15 of 1st period - Scott Gomez wins face-off versus Jan Bulis in Blackhawks zone.
11:15 of 1st period - Scott Gomez is hit by Mathieu Dandenault.
11:35 of 1st period - Snap shot by Martin Havlat.
11:35 of 1st period - Shot Blocked by Christian Backman.
12:09 of 1st period - Wrist shot by Jarome Iginla.
12:09 of 1st period - Shot Blocked by Marek Zidlicky.
12:11 of 1st period - Penalty to Peter Schaefer is over, Peter Schaefer is back on ice.
12:11 of 1st period - Slapshot by Kim Johnsson.
12:11 of 1st period - Deflect By Kristopher Letang.
12:11 of 1st period - Stopped by Tyler Weiman with a rebound.
12:13 of 1st period - Slapshot by Kim Johnsson.
12:13 of 1st period - Stopped by Tyler Weiman with a rebound.
12:15 of 1st period - Slapshot by Johnny Oduya.
12:15 of 1st period - Shot Blocked by Kristopher Letang.
12:17 of 1st period - Wrist shot by Kim Johnsson.
12:17 of 1st period - Deflect By Peter Schaefer.
12:17 of 1st period - Shot Misses the Net.
12:17 of 1st period - Puck is out of play.
12:18 of 1st period - Martin Straka wins face-off versus Brooks Laich in Blackhawks zone.
12:27 of 1st period - Backhand shot by Brooks Laich.
12:27 of 1st period - Shot Misses the Net.
12:29 of 1st period - Slapshot by Greg De Vries.
12:29 of 1st period - Shot Misses the Net.
12:34 of 1st period - Off-side.
12:35 of 1st period - Scott Gomez wins face-off versus Sean Bergenheim in neutral zone.
12:42 of 1st period - Slapshot by Scott Gomez.
12:42 of 1st period - Shot Misses the Net.
12:44 of 1st period - Slapshot by Kristopher Letang.
12:44 of 1st period - Shot Blocked by Kim Johnsson.
12:46 of 1st period - Wrist shot by Steve Sullivan.
12:46 of 1st period - Stopped by Jonathan Quick without a rebound.
12:47 of 1st period - Joe Sakic wins face-off versus Milan Michalek in Red Wings zone.
13:31 of 1st period - Snap shot by Brooks Laich.
13:31 of 1st period - Shot Misses the Net.
13:37 of 1st period - Snap shot by Brooks Laich.
13:37 of 1st period - Shot Misses the Net.
13:39 of 1st period - Slapshot by Kristopher Letang.
13:39 of 1st period - Shot Misses the Net.
14:00 of 1st period - Jason Smith is hit by Johnny Oduya.
14:16 of 1st period - Kris Versteeg is hit by Martin Straka and loses puck.
14:49 of 1st period - Snap shot by Nikita Alexeev.
14:49 of 1st period - Stopped by Jonathan Quick without a rebound.
14:50 of 1st period - Brooks Laich wins face-off versus Martin Straka in Red Wings zone.
14:51 of 1st period - Snap shot by Nikita Alexeev.
14:51 of 1st period - Shot Blocked by Christian Backman.
14:53 of 1st period - Slapshot by Matthew Spiller.
14:53 of 1st period - Shot Misses the Net.
15:21 of 1st period - Backhand shot by Martin Havlat.
15:21 of 1st period - Stopped by Jonathan Quick without a rebound.
15:22 of 1st period - Marcel Hossa wins face-off versus Joe Sakic in Red Wings zone.
15:22 of 1st period - Marcel Hossa is hit by Kris Versteeg.
15:31 of 1st period - Minor Penalty to Martin Havlat for Holding.
15:32 of 1st period - Martin Straka wins face-off versus Dan Hinote in Blackhawks zone.
16:09 of 1st period - Wrist shot by Jarome Iginla.
16:09 of 1st period - Shot Misses the Net.
16:41 of 1st period - Chris Gratton is hit by Jarome Iginla.
17:31 of 1st period - Penalty to Martin Havlat is over, Martin Havlat is back on ice.
17:57 of 1st period - Icing by Martin Havlat.
17:58 of 1st period - Scott Gomez wins face-off versus Jan Bulis in Blackhawks zone.
18:10 of 1st period - Wrist shot by Peter Schaefer.
18:10 of 1st period - Stopped by Tyler Weiman with a rebound.
18:12 of 1st period - Slapshot by Brian Pothier.
18:12 of 1st period - Deflect By Scott Gomez.
18:12 of 1st period - Stopped by Tyler Weiman without a rebound.
18:13 of 1st period - Jason Spezza wins face-off versus Joe Sakic in Blackhawks zone.
18:14 of 1st period - Wrist shot by Jarome Iginla.
18:14 of 1st period - Stopped by Tyler Weiman without a rebound.
18:15 of 1st period - Joe Sakic wins face-off versus Jason Spezza in Blackhawks zone.
18:40 of 1st period - Wrist shot by Brian Sutherby.
18:40 of 1st period - Stopped by Tyler Weiman with a rebound.
18:42 of 1st period - Slapshot by Paul Martin.
18:42 of 1st period - Shot Misses the Net.
18:52 of 1st period - Snap shot by Lubos Bartecko.
18:52 of 1st period - Deflect By Kris Versteeg.
18:52 of 1st period - Stopped by Tyler Weiman with a rebound.
19:04 of 1st period - Minor Penalty to Scott Gomez for Roughing.
19:04 of 1st period - Minor Penalty to Johnny Oduya for High sticking.
19:05 of 1st period - Joe Sakic wins face-off versus Jason Spezza in neutral zone.
19:55 of 1st period - Martin Straka is hit by Nikita Alexeev and loses puck.
2nd period
0:01 of 2nd period - Joe Sakic wins face-off versus Jason Spezza in neutral zone.
0:04 of 2nd period - Slapshot by Kris Versteeg.
0:04 of 2nd period - Shot Misses the Net.
0:06 of 2nd period - Slapshot by Jason Smith.
0:06 of 2nd period - Stopped by Jonathan Quick without a rebound.
0:07 of 2nd period - Jason Spezza wins face-off versus Joe Sakic in Red Wings zone.
0:40 of 2nd period - Joe Sakic is hit by Jason Spezza and loses puck.
1:04 of 2nd period - Penalty to Scott Gomez is over, Scott Gomez is back on ice.
1:04 of 2nd period - Penalty to Johnny Oduya is over, Johnny Oduya is back on ice.
1:10 of 2nd period - Martin Straka is hit by Kristopher Letang and loses puck.
1:41 of 2nd period - Snap shot by Scott Gomez.
1:41 of 2nd period - Shot Misses the Net.
1:57 of 2nd period - Wrist shot by Antti Miettinen.
1:57 of 2nd period - Shot Misses the Net.
2:05 of 2nd period - Kristopher Letang is hit by Paul Martin and loses puck.
2:16 of 2nd period - Wrist shot by Scott Gomez.
2:16 of 2nd period - Stopped by Jonathan Quick with a rebound.
2:18 of 2nd period - Wrist shot by Scott Gomez.
2:18 of 2nd period - Goal by Scott Gomez - Red Wings : 0 - Blackhawks : 2.
2:19 of 2nd period - Chris Gratton wins face-off versus Jason Spezza in neutral zone.
2:30 of 2nd period - Snap shot by Jason Spezza.
2:30 of 2nd period - Shot Misses the Net.
2:32 of 2nd period - Snap shot by Marcel Hossa.
2:32 of 2nd period - Stopped by Tyler Weiman with a rebound.
2:34 of 2nd period - Snap shot by Christian Backman.
2:34 of 2nd period - Shot Misses the Net.
2:46 of 2nd period - Christian Backman is hit by Bill Guerin and loses puck.
2:55 of 2nd period - Steve Sullivan is hit by Sean Bergenheim and loses puck.
3:27 of 2nd period - Slapshot by Bill Guerin.
3:27 of 2nd period - Stopped by Jonathan Quick with a rebound.
3:29 of 2nd period - Snap shot by Steve Sullivan.
3:29 of 2nd period - Shot Blocked by Branislav Mezei.
3:31 of 2nd period - Snap shot by Bill Guerin.
3:31 of 2nd period - Goal by Bill Guerin - Red Wings : 0 - Blackhawks : 3.
3:32 of 2nd period - Joe Sakic wins face-off versus Jason Spezza in neutral zone.
3:41 of 2nd period - Snap shot by Kris Versteeg.
3:41 of 2nd period - Stopped by Jonathan Quick without a rebound.
3:42 of 2nd period - Joe Sakic wins face-off versus Jason Spezza in Red Wings zone.
3:53 of 2nd period - Wrist shot by Kris Versteeg.
3:53 of 2nd period - Stopped by Jonathan Quick without a rebound.
3:54 of 2nd period - Joe Sakic wins face-off versus Jason Spezza in Red Wings zone.
3:57 of 2nd period - Snap shot by Martin Havlat.
3:57 of 2nd period - Deflect By Joe Sakic.
3:57 of 2nd period - Shot Misses the Net.
3:57 of 2nd period - Puck is out of play.
3:58 of 2nd period - Joe Sakic wins face-off versus Jason Spezza in Red Wings zone.
4:56 of 2nd period - Scott Gomez is hit by Kim Johnsson and loses puck.
5:12 of 2nd period - Minor Penalty to Jeff Taffe for High sticking.
5:13 of 2nd period - Jason Spezza wins face-off versus Chris Gratton in Blackhawks zone.
7:12 of 2nd period - Penalty to Jeff Taffe is over, Jeff Taffe is back on ice.
7:28 of 2nd period - Brent Sopel is hit by Jan Bulis and loses puck.
8:06 of 2nd period - Steve Sullivan is hit by Christian Backman and loses puck.
9:39 of 2nd period - Jason Spezza is hit by Jason Smith and loses puck.
9:50 of 2nd period - Martin Havlat is hit by Lubos Bartecko and loses puck.
9:55 of 2nd period - Snap shot by Brian Sutherby.
9:55 of 2nd period - Shot Blocked by Brent Sopel.
9:57 of 2nd period - Slapshot by Christian Backman.
9:57 of 2nd period - Shot Misses the Net.
10:07 of 2nd period - Martin Straka is hit by Kristopher Letang and loses puck.
10:45 of 2nd period - Christian Backman is hit by Hnat Domenichelli and loses puck.
10:56 of 2nd period - Snap shot by Brooks Laich.
10:56 of 2nd period - Shot Misses the Net.
11:15 of 2nd period - Backhand shot by Kris Versteeg.
11:15 of 2nd period - Shot Misses the Net.
11:55 of 2nd period - Martin Havlat is hit by Mathieu Dandenault and loses puck.
12:17 of 2nd period - Jarome Iginla is hit by Brooks Laich and loses puck.
12:26 of 2nd period - Slapshot by Paul Martin.
12:26 of 2nd period - Shot Blocked by Marek Zidlicky.
12:45 of 2nd period - Slapshot by Brian Pothier.
12:45 of 2nd period - Stopped by Tyler Weiman without a rebound.
12:46 of 2nd period - Martin Straka wins face-off versus Scott Gomez in Blackhawks zone.
12:50 of 2nd period - Icing by Greg De Vries.
12:51 of 2nd period - Bill Guerin wins face-off versus Milan Michalek in Blackhawks zone.
13:18 of 2nd period - Slapshot by Kim Johnsson.
13:18 of 2nd period - Stopped by Tyler Weiman with a rebound.
13:20 of 2nd period - Snap shot by Branislav Mezei.
13:20 of 2nd period - Stopped by Tyler Weiman with a rebound.
13:22 of 2nd period - Slapshot by Branislav Mezei.
13:22 of 2nd period - Shot Misses the Net.
13:24 of 2nd period - Wrist shot by Branislav Mezei.
13:24 of 2nd period - Stopped by Tyler Weiman with a rebound.
13:26 of 2nd period - Wrist shot by Jarome Iginla.
13:26 of 2nd period - Stopped by Tyler Weiman with a rebound.
14:14 of 2nd period - Snap shot by Christian Backman.
14:14 of 2nd period - Stopped by Tyler Weiman with a rebound.
14:38 of 2nd period - Snap shot by Kris Versteeg.
14:38 of 2nd period - Stopped by Jonathan Quick without a rebound.
14:39 of 2nd period - Joe Sakic wins face-off versus Jason Spezza in Red Wings zone.
15:43 of 2nd period - Chris Gratton is hit by Kim Johnsson.
16:46 of 2nd period - Minor Penalty to Lubos Bartecko for Hooking.
16:47 of 2nd period - Joe Sakic wins face-off versus Jason Spezza in Red Wings zone.
17:02 of 2nd period - Wrist shot by Kris Versteeg.
17:02 of 2nd period - Shot Misses the Net.
18:46 of 2nd period - Penalty to Lubos Bartecko is over, Lubos Bartecko is back on ice.
18:58 of 2nd period - Slapshot by Kim Johnsson.
18:58 of 2nd period - Shot Hit the Post.
19:00 of 2nd period - Wrist shot by Brian Sutherby.
19:00 of 2nd period - Shot Blocked by Hnat Domenichelli.
19:02 of 2nd period - Slapshot by Johnny Oduya.
19:02 of 2nd period - Stopped by Tyler Weiman with a rebound.
19:04 of 2nd period - Slapshot by Marcel Hossa.
19:04 of 2nd period - Deflect By Nikita Alexeev.
19:04 of 2nd period - Stopped by Tyler Weiman without a rebound.
19:05 of 2nd period - Chris Gratton wins face-off versus Martin Straka in Blackhawks zone.
19:19 of 2nd period - Snap shot by Martin Straka.
19:19 of 2nd period - Stopped by Tyler Weiman without a rebound.
19:20 of 2nd period - Jason Spezza wins face-off versus Joe Sakic in Blackhawks zone.
19:39 of 2nd period - Brian Pothier is hit by Marek Zidlicky and loses puck.
19:48 of 2nd period - Snap shot by Jarome Iginla.
19:48 of 2nd period - Shot Misses the Net.
19:50 of 2nd period - Slapshot by Brian Pothier.
19:50 of 2nd period - Stopped by Tyler Weiman without a rebound.
19:51 of 2nd period - Martin Straka wins face-off versus Scott Gomez in Blackhawks zone.
19:54 of 2nd period - Snap shot by Antti Miettinen.
19:54 of 2nd period - Stopped by Tyler Weiman with a rebound.
3rd period
0:01 of 3rd period - Joe Sakic wins face-off versus Jason Spezza in neutral zone.
0:26 of 3rd period - Antti Miettinen is hit by Bill Guerin and loses puck.
0:59 of 3rd period - Snap shot by Sean Bergenheim.
0:59 of 3rd period - Stopped by Tyler Weiman with a rebound.
1:33 of 3rd period - Slapshot by Brooks Laich.
1:33 of 3rd period - Stopped by Jonathan Quick without a rebound.
1:34 of 3rd period - Joe Sakic wins face-off versus Jason Spezza in Red Wings zone.
1:37 of 3rd period - Wrist shot by Kris Versteeg.
1:37 of 3rd period - Shot Misses the Net.
2:06 of 3rd period - Minor Penalty to Bill Guerin for Roughing.
2:07 of 3rd period - Marcel Hossa wins face-off versus Chris Gratton in Blackhawks zone.
2:10 of 3rd period - Snap shot by Jarome Iginla.
2:10 of 3rd period - Deflect By Jason Spezza.
2:10 of 3rd period - Shot Misses the Net.
2:10 of 3rd period - Puck is out of play.
2:11 of 3rd period - Jason Spezza wins face-off versus Chris Gratton in Blackhawks zone.
2:24 of 3rd period - Snap shot by Jarome Iginla.
2:24 of 3rd period - Shot Blocked by Jason Smith.
2:26 of 3rd period - Snap shot by Jason Spezza.
2:26 of 3rd period - Stopped by Tyler Weiman without a rebound.
2:27 of 3rd period - Milan Michalek wins face-off versus Chris Gratton in Blackhawks zone.
2:32 of 3rd period - Snap shot by Martin Straka.
2:32 of 3rd period - Shot Blocked by Jason Smith.
3:19 of 3rd period - Chris Gratton is hit by Jason Spezza and loses puck.
3:38 of 3rd period - Kim Johnsson is hit by Matthew Spiller and loses puck.
4:06 of 3rd period - Penalty to Bill Guerin is over, Bill Guerin is back on ice.
4:10 of 3rd period - Off-side.
4:11 of 3rd period - Brian Sutherby wins face-off versus Scott Gomez in neutral zone.
4:13 of 3rd period - Off-side.
4:14 of 3rd period - Sean Bergenheim wins face-off versus Scott Gomez in neutral zone.
5:01 of 3rd period - Branislav Mezei is hit by Joe Sakic.
5:05 of 3rd period - Snap shot by Joe Sakic.
5:05 of 3rd period - Stopped by Jonathan Quick with a rebound.
5:09 of 3rd period - Wrist shot by Kris Versteeg.
5:09 of 3rd period - Shot Blocked by Jason Spezza.
5:11 of 3rd period - Wrist shot by Joe Sakic.
5:11 of 3rd period - Deflect By Jason Spezza.
5:11 of 3rd period - Shot Misses the Net.
5:11 of 3rd period - Puck is out of play.
5:12 of 3rd period - Martin Straka wins face-off versus Scott Gomez in Red Wings zone.
5:12 of 3rd period - Minor Penalty to Jason Smith for Hooking.
5:12 of 3rd period - Minor Penalty to Antti Miettinen for Delaying the game.
5:13 of 3rd period - Joe Sakic wins face-off versus Jason Spezza in Red Wings zone.
5:22 of 3rd period - Snap shot by Kris Versteeg.
5:22 of 3rd period - Stopped by Jonathan Quick with a rebound.
5:24 of 3rd period - Slapshot by Matthew Spiller.
5:24 of 3rd period - Stopped by Jonathan Quick without a rebound.
5:25 of 3rd period - Joe Sakic wins face-off versus Jason Spezza in Red Wings zone.
6:32 of 3rd period - Icing by Jason Spezza.
6:33 of 3rd period - Nikita Alexeev wins face-off versus Peter Schaefer in Red Wings zone.
6:34 of 3rd period - Backhand shot by Brooks Laich.
6:34 of 3rd period - Shot Blocked by Paul Martin.
6:48 of 3rd period - Wrist shot by Peter Schaefer.
6:48 of 3rd period - Stopped by Tyler Weiman without a rebound.
6:49 of 3rd period - Jason Spezza wins face-off versus Joe Sakic in Blackhawks zone.
7:04 of 3rd period - Snap shot by Joe Sakic.
7:04 of 3rd period - Stopped by Jonathan Quick with a rebound.
7:12 of 3rd period - Penalty to Jason Smith is over, Jason Smith is back on ice.
7:12 of 3rd period - Penalty to Antti Miettinen is over, Antti Miettinen is back on ice.
7:19 of 3rd period - Off-side.
7:20 of 3rd period - Martin Straka wins face-off versus Scott Gomez in neutral zone.
7:45 of 3rd period - Lubos Bartecko is hit by Brent Sopel and loses puck.
7:54 of 3rd period - Slapshot by Brooks Laich.
7:54 of 3rd period - Stopped by Jonathan Quick with a rebound.
8:38 of 3rd period - Wrist shot by Jason Spezza.
8:38 of 3rd period - Shot Misses the Net.
8:48 of 3rd period - Brian Pothier is hit by Bill Guerin and loses puck.
9:15 of 3rd period - Wrist shot by Nikita Alexeev.
9:15 of 3rd period - Deflect By Sean Bergenheim.
9:15 of 3rd period - Stopped by Jonathan Quick with a rebound.
9:17 of 3rd period - Slapshot by Marek Zidlicky.
9:17 of 3rd period - Shot Hit the Post.
9:19 of 3rd period - Snap shot by Jason Smith.
9:19 of 3rd period - Stopped by Jonathan Quick with a rebound.
9:24 of 3rd period - Minor Penalty to Joe Sakic for Roughing.
9:25 of 3rd period - Jarome Iginla wins face-off versus Chris Gratton in Blackhawks zone.
9:59 of 3rd period - Slapshot by Paul Martin.
9:59 of 3rd period - Goal by Paul Martin - Red Wings : 1 - Blackhawks : 3.
10:00 of 3rd period - Joe Sakic wins face-off versus Jason Spezza in neutral zone.
10:10 of 3rd period - Snap shot by Jason Spezza.
10:10 of 3rd period - Shot Blocked by Kristopher Letang.
10:11 of 3rd period - Minor Penalty to Brent Sopel for Holding.
10:12 of 3rd period - Jason Spezza wins face-off versus Chris Gratton in Blackhawks zone.
10:13 of 3rd period - Wrist shot by Jarome Iginla.
10:13 of 3rd period - Shot Misses the Net.
10:23 of 3rd period - Chris Gratton is hit by Marcel Hossa and loses puck.
10:44 of 3rd period - Snap shot by Scott Gomez.
10:44 of 3rd period - Shot Blocked by Antti Miettinen.
11:51 of 3rd period - Icing by Johnny Oduya.
11:52 of 3rd period - Martin Straka wins face-off versus Kris Versteeg in Red Wings zone.
12:11 of 3rd period - Penalty to Brent Sopel is over, Brent Sopel is back on ice.
12:17 of 3rd period - Off-side.
12:18 of 3rd period - Scott Gomez wins face-off versus Brian Sutherby in neutral zone.
13:02 of 3rd period - Martin Havlat is hit by Marcel Hossa and loses puck.
13:07 of 3rd period - Slapshot by Jarome Iginla.
13:07 of 3rd period - Stopped by Tyler Weiman without a rebound.
13:08 of 3rd period - Jason Spezza wins face-off versus Scott Gomez in Blackhawks zone.
13:09 of 3rd period - Snap shot by Jarome Iginla.
13:09 of 3rd period - Stopped by Tyler Weiman without a rebound.
13:10 of 3rd period - Jason Spezza wins face-off versus Scott Gomez in Blackhawks zone.
13:21 of 3rd period - Snap shot by Scott Gomez.
13:21 of 3rd period - Stopped by Jonathan Quick without a rebound.
13:22 of 3rd period - Joe Sakic wins face-off versus Jason Spezza in Red Wings zone.
13:33 of 3rd period - Slapshot by Marcel Hossa.
13:33 of 3rd period - Shot Misses the Net.
13:47 of 3rd period - Steve Sullivan is hit by Johnny Oduya and loses puck.
13:52 of 3rd period - Slapshot by Martin Straka.
13:52 of 3rd period - Stopped by Tyler Weiman with a rebound.
13:54 of 3rd period - Snap shot by Kim Johnsson.
13:54 of 3rd period - Stopped by Tyler Weiman without a rebound.
13:55 of 3rd period - Joe Sakic wins face-off versus Jason Spezza in Blackhawks zone.
14:06 of 3rd period - Slapshot by Jarome Iginla.
14:06 of 3rd period - Goal by Jarome Iginla - Red Wings : 2 - Blackhawks : 3.
14:07 of 3rd period - Jason Spezza wins face-off versus Joe Sakic in neutral zone.
14:10 of 3rd period - Martin Havlat is hit by Jarome Iginla and loses puck.
14:14 of 3rd period - Minor Penalty to Jason Smith for Tripping.
14:15 of 3rd period - Chris Gratton wins face-off versus Martin Straka in Blackhawks zone.
14:28 of 3rd period - Wrist shot by Antti Miettinen.
14:28 of 3rd period - Goal by Antti Miettinen - Red Wings : 3 - Blackhawks : 3.
14:29 of 3rd period - Jason Spezza wins face-off versus Joe Sakic in neutral zone.
14:48 of 3rd period - Joe Sakic is hit by Jarome Iginla.
15:20 of 3rd period - Brian Sutherby is hit by Brooks Laich and loses puck.
15:25 of 3rd period - Wrist shot by Brooks Laich.
15:25 of 3rd period - Stopped by Jonathan Quick without a rebound.
15:26 of 3rd period - Brian Sutherby wins face-off versus Brooks Laich in Red Wings zone.
15:41 of 3rd period - Icing by Kristopher Letang.
15:42 of 3rd period - Jason Spezza wins face-off versus Brooks Laich in Blackhawks zone.
16:11 of 3rd period - Icing by Jarome Iginla.
16:12 of 3rd period - Joe Sakic wins face-off versus Jason Spezza in Red Wings zone.
16:13 of 3rd period - Snap shot by Martin Havlat.
16:13 of 3rd period - Stopped by Jonathan Quick without a rebound.
16:14 of 3rd period - Brian Sutherby wins face-off versus Joe Sakic in Red Wings zone.
17:29 of 3rd period - Brian Pothier is hit by Joe Sakic.
17:45 of 3rd period - Wrist shot by Peter Schaefer.
17:45 of 3rd period - Shot Misses the Net.
17:47 of 3rd period - Snap shot by Peter Schaefer.
17:47 of 3rd period - Stopped by Tyler Weiman with a rebound.
18:03 of 3rd period - Slapshot by Johnny Oduya.
18:03 of 3rd period - Shot Misses the Net.
18:19 of 3rd period - Brooks Laich is hit by Paul Martin and loses puck.
18:30 of 3rd period - Slapshot by Milan Michalek.
18:30 of 3rd period - Stopped by Tyler Weiman without a rebound.
18:31 of 3rd period - Chris Gratton wins face-off versus Brian Sutherby in Blackhawks zone.
19:06 of 3rd period - Wrist shot by Kris Versteeg.
19:06 of 3rd period - Stopped by Jonathan Quick with a rebound.
19:20 of 3rd period - Slapshot by Branislav Mezei.
19:20 of 3rd period - Stopped by Tyler Weiman with a rebound.
19:28 of 3rd period - Wrist shot by Martin Straka.
19:28 of 3rd period - Shot Blocked by Nikita Alexeev.
19:29 of 3rd period - Minor Penalty to Nikita Alexeev for Interference.
19:30 of 3rd period - Jason Spezza wins face-off versus Chris Gratton in Blackhawks zone.
Overtime #1
0:01 of 1st overtime period - Chris Gratton wins face-off versus Jason Spezza in neutral zone.
0:42 of 1st overtime period - Off-side.
0:43 of 1st overtime period - Jason Spezza wins face-off versus Scott Gomez in neutral zone.
1:13 of 1st overtime period - Slapshot by Johnny Oduya.
1:13 of 1st overtime period - Stopped by Tyler Weiman with a rebound.
1:29 of 1st overtime period - Penalty to Nikita Alexeev is over, Nikita Alexeev is back on ice.
1:37 of 1st overtime period - Backhand shot by Nikita Alexeev.
1:37 of 1st overtime period - Stopped by Jonathan Quick without a rebound.
1:38 of 1st overtime period - Jason Spezza wins face-off versus Joe Sakic in Red Wings zone.
2:21 of 1st overtime period - Brent Sopel is hit by Antti Miettinen and loses puck.
4:06 of 1st overtime period - Antti Miettinen is hit by Hnat Domenichelli and loses puck.
ShootOut
5:00 of 1st overtime period - Penalty Shot by Jarome Iginla for Red Wings.
5:00 of 1st overtime period - Wrist shot by Jarome Iginla.
5:00 of 1st overtime period - Shot Misses the Net.
5:00 of 1st overtime period - Penalty Shot by Joe Sakic for Blackhawks.
5:00 of 1st overtime period - Snap shot by Joe Sakic.
5:00 of 1st overtime period - Goal by Joe Sakic.
5:00 of 1st overtime period - Penalty Shot by Antti Miettinen for Red Wings.
5:00 of 1st overtime period - Backhand shot by Antti Miettinen.
5:00 of 1st overtime period - Stopped by Tyler Weiman.
5:00 of 1st overtime period - Penalty Shot by Bill Guerin for Blackhawks.
5:00 of 1st overtime period - Wrist shot by Bill Guerin.
5:00 of 1st overtime period - Stopped by Jonathan Quick.
5:00 of 1st overtime period - Penalty Shot by Jason Spezza for Red Wings.
5:00 of 1st overtime period - Snap shot by Jason Spezza.
5:00 of 1st overtime period - Shot Misses the Net.
Output by the SimonT Hockey Simulator (STHS) for François Prévost -- Original Page W3C XHTML 1.0 Valid